 Dungeon Crawl Stone Soup version 0.28.0 (webtiles) character file.

Game seed: 4415097703509396172

78 Akaron the Sneak (level 4, 0/29 HPs)
             Began as an Octopode Brigand on Feb 13, 2022.
             Slain by an orc (3 damage)
             ... on level 3 of the Dungeon.
             The game lasted 00:02:24 (2388 turns).

Akaron the Sneak (Octopode Brigand)                 Turns: 2388, Time: 00:02:24

Health: 0/29       AC:  1    Str: 10    XL:     4   Next: 36%
Magic:  4/4        EV: 13    Int: 13    God:
Gold:   116        SH:  0    Dex: 15    Spells: 3/3 levels left

rFire   . . .      SeeInvis .   a - +2 dagger
rCold   . . .      Faith    .   (no shield)
rNeg    . . .      Spirit   .   (helmet restricted)
rPois   .          Reflect  .   (no amulet)
rElec   .          Harm     .   (no ring)
rCorr   .          Rampage  .   (no ring)
Will    .....                   (no ring)
Stlth   +++++.....              (no ring)
HPRegen 0.09/turn               (no ring)
MPRegen 0.09/turn               (no ring)
                                (no ring)
                                (no ring)

@: no status effects
A: almost no armour, amphibious, 8 rings, camouflage 1, gelatinous body 1,
(nimble swimmer 1), tentacles
a: no special abilities


You were on level 3 of the Dungeon.
You visited 1 branch of the dungeon, and saw 3 of its levels.

You collected 116 gold pieces.

Inventory:

Hand Weapons
 a - a +2 dagger (weapon)
Missiles
 b - 12 poisoned darts (quivered)
 c - 2 curare-tipped darts
Scrolls
 d - a scroll of teleportation {unknown}
 f - 3 scrolls of identify {unknown}
Potions
 e - a potion of heal wounds
 g - a potion of flight {unknown}


   Skills:
 + Level 2.2 Fighting
 + Level 2.3 Short Blades
 + Level 2.3 Throwing
 + Level 1.3 Dodging
 + Level 7.1 Stealth


You had 3 spell levels left.
You didn't know any spells.
Your spell library contained the following spells:

 Spells                   Type           Power      Damage    Failure   Level
 Magic Dart               Conj           0%         1d3       30%         1
 Searing Ray              Conj           0%         2d4       43%         2
 Fulminant Prism          Conj/Hex       0%         3d6       97%         4


Dungeon Overview and Level Annotations

Branches:
Dungeon (3/15)

Altars:


Innate Abilities, Weirdness & Mutations

You cannot wear most types of armour.
You are amphibious.
You can wear up to eight rings at the same time.
Your skin changes colour to match your surroundings (Stealth+).
Your rubbery body absorbs attacks. (AC +1, EV +1)
((You are camouflaged when in or above water. (Stealth+)))
You have tentacles for arms and can constrict up to eight enemies at once.


Message History

You closely miss the giant cockroach. You grab the giant cockroach.
The giant cockroach is severely wounded.
You constrict the giant cockroach, but do no damage.
The giant cockroach misses you.
You hit the giant cockroach.
You kill the giant cockroach!
You hit the orc. You grab the orc. You squeeze the orc, but do no damage.
The orc is moderately wounded.
You constrict the orc, but do no damage.
The orc barely misses you.
You hit the orc but do no damage.
The orc is moderately wounded.
You constrict the orc.
The orc struggles to escape constriction.
You hit the orc but do no damage.
The orc is heavily wounded.
You constrict the orc. You hit the orc but do no damage.
The orc is heavily wounded.
You constrict the orc, but do no damage.
The orc drinks a potion.
The orc is healed!
You hit the orc but do no damage.
You constrict the orc, but do no damage.
The orc escapes!
You hit the orc but do no damage. Your grab misses the orc.
You tentacle-slap the orc, but do no damage.
The orc misses you.
You hit the orc but do no damage. Your grab misses the orc.
The orc hits you with a +0 short sword. The orc hits you with a +0 whip.
The orc hits you with a +0 dagger.
Unknown command.
The orc hits you with a +0 short sword. The orc barely misses you.
An orc priest comes into view. It is wielding a +0 dagger.
The orc priest mumbles some strange prayers to Beogh against you.
Pain shoots through your body!
* * * LOW HITPOINT WARNING * * *
You hear a shout!
There is an escape hatch in the ceiling here.
The orc hits you with a +0 short sword.
You die...

#.......#..#
#.......#..###
######.......# #
#....♣♣....#
###.#.♣♣♣♣♣..########
. ......
♣............ ###.#.
♣..####.##.# #.#.
♣..........# # ..
♣♣...oo@....#
♣♣♣♣...o###.##.# ##.
........o....o. ^..
#...###)###.##.# #.#
#... #...........
#... #.#.##.... ##
#.. #' .. .... #. ..
.##... ... ..


You could see an orc priest and 3 orcs.

Vanquished Creatures
  An adder (D:3)
  A worm (D:2)
  An orc (D:3)
  9 ball pythons
  8 bats
  10 endoplasms
  4 giant cockroaches
  4 goblins
  2 hobgoblins
  3 jackals (D:2)
  4 quokkas
  2 frilled lizards
  4 kobolds
  2 rats
55 creatures vanquished.

Notes
Turn   | Place    | Note
-------+----------+-------------------------------------------
     0 | D:1      | Akaron the Octopode Brigand began the quest for the Orb.
     0 | D:1      | Reached XP level 1. HP: 14/14 MP: 1/1
   274 | D:1      | Reached XP level 2. HP: 19/19 MP: 2/2
   306 | D:1      | Reached skill level 6 in Stealth
   642 | D:1      | Reached XP level 3. HP: 24/24 MP: 3/3
   824 | D:1      | Found a faded altar of an unknown god.
  1989 | D:2      | Reached XP level 4. HP: 29/29 MP: 4/4
  2298 | D:3      | Reached skill level 7 in Stealth
  2388 | D:3      | Slain by an orc

Illustrated notes

Levels and vault maps discovered:
D:1:      dpeg_arrival_tiny_d, layout_loops_corners,
          chequers_ecumenical_altar_simple
D:2:      layout_basic
D:3:      layout_basic, nrook_campfire

Skill      XL: |  1  2  3  4 |
---------------+-------------+-----
Stealth        | 6 7 |  7.1
Fighting       | |  2.2
Short Blades   | |  2.3
Throwing       | |  2.3
Dodging        | |  1.3

Action                   |  1- 3 |  4- 6 || total
-------------------------+-------+-------++-------
Melee: Dagger            |    68 |    29 ||    97
       Tentacles         |    11 |     7 ||    18
       Constrict         |    12 |     7 ||    19
       Punch             |     1 |     1 ||     2
 Stab: Sleeping          |    21 |     1 ||    22
Armor: Skin              |     2 |     2 ||     4
Dodge: Dodged            |    29 |    18 ||    47
